 Dungeon Crawl Stone Soup version 0.30-a0-341-g682706514a (webtiles) character file.

Game seed: 16291490019020390270

62230 hikkokomori the Destroyer (level 14, -1/101 HPs)
             Began as a Demigod Conjurer on Nov 4, 2022.
             Killed from afar by a shock serpent (shapeshifter) (26 damage)
             ... with a bolt of electricity
             ... on level 14 of the Dungeon.
             The game lasted 01:56:27 (24275 turns).

hikkokomori the Destroyer (Demigod Conjurer)       Turns: 24275, Time: 01:56:28

Health: -1/101     AC:  7    Str:  8    XL:     14   Next: 26%
Magic:  26/32      EV: 12    Int: 42    God:
Gold:   688        SH:  7    Dex: 15    Spells: 0/32 levels left

rFire   + . .      SeeInvis +    W - +2 short sword (flame)
rCold   + + +      Faith    .    K - +2 buckler
rNeg    . . .      Spirit   .    F - +0 steam dragon scales
rPois   .          Reflect  .    y - +0 helmet
rElec   .          Harm     .    N - scarf {rC+ rF+}
rCorr   .          Rampage  .    r - +0 pair of gloves
Will    +....                    (no boots)
Stlth   +.........               Q - amulet of Vitality {RegenMP++ Regen++}
HPRegen 1.96/turn                Y - +6 ring of intelligence
MPRegen 1.03/turn                X - ring "Mopig" {Fly rC+++ Dex+3 SInv Stlth-}

@: lethally poisoned (-1 -> -24), flying, slowed, studying Ranged Weapons, very
slow
A: high MP 1, forlorn, divine attributes, frail 1
a: no special abilities


You were on level 14 of the Dungeon.
You visited 3 branches of the dungeon, and saw 21 of its levels.
You also visited: Sewer and Ice Cave.

You collected 2540 gold pieces.
You spent 1852 gold pieces at shops.

Inventory:

Hand Weapons
 m - a +1 dagger of electrocution
 W - a +2 short sword of flaming (weapon)
Missiles
 p - 5 silver javelins
 u - 12 atropa-tipped darts
 H - 8 throwing nets
 U - 6 datura-tipped darts
Armour
 r - a +0 pair of gloves (worn)
 w - a +0 troll leather armour
 x - the +3 chain mail of Koewnof {Str+4 Slay+2}
   (You took it off an orc warrior on level 6 of the Dungeon)

   Str:       It affects your strength (+4).
   Slay:      It affects your accuracy & damage with ranged weapons and melee
   (+2).
 y - a +0 helmet (worn)
 F - +0 steam dragon scales (worn)
 I - a +1 robe of fire resistance
 K - a +2 buckler (worn)
 N - a scarf of resistance (worn)
 S - a +1 cloak of preservation
 T - +0 acid dragon scales
Jewellery
 a - a +4 ring of slaying
 c - an amulet of the acrobat
 q - a +6 ring of strength
 z - a +6 ring of dexterity
 D - a ring of fire
 P - an amulet of regeneration
 Q - the amulet of Vitality (around neck) {RegenMP++ Regen++}
   (You found it in an ice cave)

   [amulet of magic regeneration]

   It increases your rate of magic regeneration.
   Regen:     It increases your rate of health regeneration.
 X - the ring "Mopig" (right hand) {Fly rC+++ Dex+3 SInv Stlth-}
   (You found it in an ice cave)

   [ring of see invisible]

   Dex:       It affects your dexterity (+3).
   rC:        It renders you almost immune to cold.
   SInv:      It lets you see invisible.
   Fly:       It grants you flight.
   Stlth:     It makes you less stealthy.
 Y - a +6 ring of intelligence (left hand)
Wands
 s - a wand of roots (5)
 A - a wand of charming (19)
 M - a wand of quicksilver (1)
 V - a wand of polymorph (7)
Scrolls
 d - 3 scrolls of vulnerability
 e - 2 scrolls of blinking
 f - a scroll of summoning
 i - 3 scrolls of enchant armour
 l - 3 scrolls of fear
 o - 5 scrolls of butterflies
 t - 4 scrolls of teleportation
 C - 3 scrolls of immolation
 L - a scroll of brand weapon
 O - a scroll of silence
Potions
 b - 5 potions of magic
 g - 3 potions of flight
 h - 3 potions of brilliance
 j - a potion of resistance {unknown}
 k - 3 potions of attraction
 n - 3 potions of mutation
 v - 3 potions of berserk rage
 B - 2 potions of curing
 E - a potion of haste
 Z - 2 potions of might
Miscellaneous
 G - a phantom mirror
 J - a condenser vane (inert)
 R - a phial of floods


   Skills:
 - Level 7.6 Fighting
 - Level 1.8 Dodging
 - Level 1.8 Stealth
 - Level 5.3 Shields
 + Level 9.6 Spellcasting
 + Level 14.3 Conjurations
 - Level 8.5 Hexes
 - Level 4.3 Summonings
 - Level 9.7 Air Magic
 + Level 4.3 Evocations


You couldn't memorise any spells.
You knew the following spells:

 Your Spells              Type           Power      Damage    Failure   Level
a - Orb of Destruction    Conj           48%        9d13      4%          7
b - Searing Ray           Conj           100%       2d8       0%          2
c - Fulminant Prism       Conj/Hex       43%        3d19      1%          4
d - Iskenderun's Mystic   Conj/Tloc      69%        2d14      1%          4
e - Arcjolt               Conj/Air       44%        1d54      1%          5
f - Summon Mana Viper     Hex/Summ       65%        N/A       4%          5
g - Lightning Bolt        Conj/Air       44%        1d63      1%          5

Your spell library contained the following spells:

 Spells                   Type           Power      Damage    Failure   Level
 Magic Dart               Conj           100%       1d8       0%          1
 Apportation              Tloc           40%        N/A       1%          1
 Foxfire                  Conj/Fire      100%       2x1d9     1%          1
 Necrotise                Necr           80%        1d8       1%          1
 Summon Small Mammal      Summ           100%       N/A       1%          1
 Cigotuvi's Dreadful Rot  Necr/Pois/Air  94%        N/A       1%          2
 Poisonous Vapours        Pois/Air       100%       N/A       1%          2
 Static Discharge         Conj/Air       100%       2-7/arc   1%          2
 Dazzling Flash           Conj/Hex       100%       N/A       1%          3
 Mephitic Cloud           Conj/Pois/Air  73%        N/A       1%          3
 Summon Guardian Golem    Hex/Summ       65%        N/A       1%          3
 Vhi's Electric Charge    Tloc/Air       100%       N/A       1%          3
 Fireball                 Conj/Fire      34%        3d14      3%          5
 Ozocubu's Armour         Ice            20%        N/A       6%          3
 Summon Ice Beast         Ice/Summ       38%        N/A       9%          4
 Starburst                Conj/Fire      34%        6d10      17%         6
 Summon Forest            Summ/Tloc      19%        N/A       22%         5
 Spellforged Servitor     Conj/Summ      39%        N/A       36%         7
 Monstrous Menagerie      Summ           27%        N/A       96%         7
 Summon Hydra             Summ           27%        N/A       96%         7
 Eringya's Noxious Bog    Tmut/Pois      10%        N/A       97%         6
 Ozocubu's Refrigeration  Ice            10%        4d9       100%        7


Dungeon Overview and Level Annotations

Branches:
Dungeon (14/15)            Temple (0/1) D:5            Lair (5/5) D:10
  Swamp (0/4) Lair:3       Spider (0/4) Lair:3        Slime (0/5) Lair:5
    Orc (2/2) D:11            Elf (0/3) Orc:2        Vaults (0/5) D:13
  Sewer (visited)           IceCv (visited)

Shops:
D:10 :?   D:12 [   Orc:2 :*!?

Annotations:
D:12 2 transporters, KKCryptic's ghost, journeyman DsBe


Innate Abilities, Weirdness & Mutations

You have an increased reservoir of magic. (+10% MP)
You shall have no god before yourself.
Your divine heritage dramatically boosts your attributes as you level up.
You are frail. (-10% HP)


Message History

You hit the death drake. You burn the death drake.
The death drake is severely wounded.
The death drake breathes miasma at you. The foul vapour engulfs you!!
You are poisoned.
Your fulminant prism crackles loudly.
Unknown command.
You hit the death drake but do no damage.
The death drake is severely wounded.
You are engulfed in dark miasma.
You are more poisoned.
You feel yourself slow down.
You feel extremely sick.
The death drake changes into a shock serpent!
Your fulminant prism explodes!
The blast of energy engulfs the shock serpent!!!
The shock serpent is severely wounded.
The shock serpent's electric aura discharges violently, shocking you!
You hear a shout!
Okay, then.
Unknown command.
Press: ? - help, v - describe, . - travel The floor.
There is a cloud of foul pestilence here.
Press: ? - help, v - describe, . - travel
Here: a shock serpent shaped shifter (foul pestilence, severely wounded)
The floor, spattered with blood.
Casting: Fulminant Prism (safe; 1% risk of failure)
Confirm with . or Enter, or press ? or * to list all spells.
You erupt in a blast of force!
The mystic blast hits the shock serpent!
The shock serpent is almost dead.
The shock serpent is knocked back by the mystic blast.
The shock serpent's electric aura discharges, shocking you!
You are engulfed in dark miasma.
You are more poisoned.
* * * LOW HITPOINT WARNING * * *
You feel extremely sick.
The shock serpent shoots out a bolt of lightning at you!
The bolt of electricity hits you!!
You die...

#..# #...# #?..#
##....# #....#
##.....#
#.....##....#.#
#)....(....##.#
#.............###
........S.......#
...####°°°°.....#
#....°°@°....(.#
########°°.<...#
#########


You could see a shock serpent shaped shifter.

Vanquished Creatures
  An orc warlord (Orc:2)
  A white draconian (IceCv)
  Harold (D:11)
  An ogre mage (D:13)
  2 hydras
  A catoblepas (Lair:2)
  2 centaur warriors (D:13)
  A merfolk avatar (Lair:5)
  3 death yaks
  5 two-headed ogres
  2 orc high priests (Orc:1)
  Urug (Lair:1)
  Nergalle (D:12)
  2 sea snakes (Lair:5)
  3 orc knights (Orc:2)
  2 harpies (Lair:5)
  A lindwurm (Lair:4)
  3 oklob plants (Lair:5)
  A manticore (Lair:5)
  An orc sorcerer (Orc:1)
  An elephant (Lair:5)
  5 cyclopes
  2 torpor snails
  4 black mambas
  13 cane toads
  2 ice statues (IceCv)
  An unseen horror (D:10)
  Maggie (D:7)
  6 kobold demonologists
  7 rime drakes
  13 komodo dragons
  3 yaktaurs (D:13)
  2 trolls
  7 polar bears
  3 hornets
  18 blink frogs
  A culicivora (Lair:3)
  A snapping turtle (Lair:5)
  4 dream sheep (Lair:4)
  2 vampires
  5 wraiths
  A water elemental (D:12)
  A shadow (D:11)
  6 yaks
  2 basilisks (Lair:1)
  3 wyverns
  2 steam dragons (D:9)
  6 vampire mosquitoes
  8 wargs
  Duvessa (D:5)
  2 acid dragons
  12 water moccasins
  5 black bears
  A swamp drake (Lair:3)
  37 orc warriors
  An ice beast (D:8)
  4 sky beasts
  20 centaurs
  10 ogres
  2 phantoms
  14 wolves (Lair:1)
  14 kobold brigands
  9 bullfrogs
  3 gnoll sergeants
  2 cane toad simulacra (Lair:3)
  3 scorpions
  9 wights
  Dowan (D:5)
  An elephant simulacrum (Lair:3)
  4 killer bees (D:11)
  2 lindwurm simulacra (IceCv)
  An electric eel (D:12)
  2 vampire bats (Lair:1)
  5 howler monkeys
  4 jellies
  7 komodo dragon simulacra (IceCv)
  17 orc priests
  4 hounds
  2 gnoll boudas (D:6)
  3 iguanas
  Natasha (D:4)
  22 orc wizards
  A hell rat (Sewer)
  A wolf simulacrum (Lair:3)
  7 acid dragon simulacra (IceCv)
  A river rat (Sewer)
  5 adders
  27 gnolls
  2 shadow imps (D:10)
  An ufetubus (D:7)
  5 steam dragon simulacra (IceCv)
  2 worms
  4 dart slugs
  101 orcs
  10 ball pythons
  4 endoplasms
  10 giant cockroaches
  5 hobgoblins
  3 jackals (D:2)
  54 kobolds
  6 quokkas
  14 bats
  4 frilled lizards
  8 goblins
  11 kobold skeletons (D:10)
  7 kobold zombies (D:10)
  12 rats
  21 fulminant prisms
716 creatures vanquished.

Vanquished Creatures (collateral kills)
  3 gnolls (D:2)
3 creatures vanquished.

Vanquished Creatures (others)
  An orc wizard (D:3)
  569 fulminant prisms
  25 fungi
  87 plants
682 creatures vanquished.

Grand Total: 1401 creatures vanquished

Notes
Turn   | Place    | Note
-------+----------+-------------------------------------------
     0 | D:1      | hikkokomori the Demigod Conjurer began the quest for the
                  | Orb.
     0 | D:1      | Reached XP level 1. HP: 14/14 MP: 5/5
   484 | D:1      | Reached XP level 2. HP: 16/20 MP: 1/7
   958 | D:1      | Learned a level 2 spell: Searing Ray
  1103 | D:2      | Reached skill level 4 in Conjurations
  1332 | D:2      | Reached XP level 3. HP: 26/26 MP: 5/9
  1893 | D:2      | Reached XP level 4. HP: 33/33 MP: 7/11
  2361 | D:3      | Noticed an orc warrior
  2449 | D:2      | Learned a level 4 spell: Fulminant Prism
  3319 | D:4      | Reached XP level 5. HP: 38/38 MP: 9/13
  3328 | D:4      | Found a glowing drain.
  3426 | Sewer    | Entered a sewer
  3585 | Sewer    | Reached skill level 5 in Conjurations
  3585 | Sewer    | Reached skill level 1 in Hexes
  3819 | D:4      | Noticed Natasha
  3822 | D:4      | Killed Natasha
  3823 | D:4      | Reached XP level 6. HP: 45/45 MP: 10/15
  4351 | D:4      | You fall into a shaft and drop 2 floors!
  4499 | D:6      | Reached skill level 6 in Conjurations
  4499 | D:6      | Reached XP level 7. HP: 50/50 MP: 0/17
  4818 | D:6      | Reached skill level 5 in Spellcasting
  4835 | D:5      | Entered Level 5 of the Dungeon
  5366 | D:5      | Reached XP level 8. HP: 57/57 MP: 13/20
  5413 | D:5      | Found a staircase to the Ecumenical Temple.
  5456 | D:5      | Noticed Dowan
  5463 | D:5      | Killed Dowan
  5464 | D:5      | Reached skill level 7 in Conjurations
  6304 | D:5      | Noticed Duvessa
  6391 | D:5      | Killed Duvessa
  7499 | D:6      | Reached skill level 8 in Conjurations
  7599 | D:6      | Reached XP level 9. HP: 62/62 MP: 10/23
  7608 | D:6      | Learned a level 4 spell: Iskenderun's Mystic Blast
  7711 | D:6      | Identified the +3 chain mail of Koewnof {Str+4 Slay+2}
  8266 | D:7      | Noticed Maggie
  8275 | D:7      | Killed Maggie
  8276 | D:7      | Reached skill level 5 in Hexes
  8817 | D:7      | Reached skill level 9 in Conjurations
  9096 | D:7      | Learned a level 5 spell: Arcjolt
  9205 | D:8      | Noticed a two-headed ogre
  9390 | D:8      | Reached skill level 1 in Air Magic
 10300 | D:8      | Killed a two-headed ogre
 10301 | D:8      | Reached XP level 10. HP: 69/69 MP: 14/26
 10604 | D:9      | Reached skill level 10 in Conjurations
 10940 | D:9      | Learned a level 5 spell: Summon Mana Viper
 10986 | D:10     | Entered Level 10 of the Dungeon
 11027 | D:10     | Reached skill level 1 in Shields
 11027 | D:10     | Reached skill level 1 in Summonings
 11030 | D:10     | Found a staircase to the Lair.
 11068 | D:10     | Noticed a two-headed ogre
 11074 | D:10     | Killed a two-headed ogre
 11116 | D:10     | Noticed a two-headed ogre
 11126 | D:10     | Killed a two-headed ogre
 11329 | D:10     | Found Venaucurgh's Magic Scroll Shoppe.
 11419 | D:10     | Bought a scroll of blinking for 120 gold pieces
 11419 | D:10     | Bought a scroll of identify for 32 gold pieces
 11419 | D:10     | Bought a scroll of amnesia for 64 gold pieces
 11419 | D:10     | Bought a scroll of identify for 32 gold pieces
 11419 | D:10     | Bought a scroll of identify for 32 gold pieces
 11515 | D:10     | Found Migopny's Self-Improvement Boutique.
 11702 | D:10     | Reached XP level 11. HP: 11/74 MP: 11/28
 12658 | D:11     | Found a staircase to the Orcish Mines.
 12793 | D:11     | Noticed Harold
 12813 | D:11     | Killed Harold
 12814 | D:11     | Reached skill level 11 in Conjurations
 12814 | D:11     | Reached skill level 5 in Air Magic
 13679 | D:12     | Noticed a two-headed ogre
 13688 | D:12     | Killed a two-headed ogre
 13915 | D:12     | Found a transporter.
 13915 | D:12     | Found a transporter.
 13916 | D:12     | Noticed KKCryptic's ghost (journeyman DsBe)
 13953 | D:12     | Noticed Nergalle
 14102 | D:12     | Learned a level 5 spell: Lightning Bolt
 14124 | D:12     | Killed Nergalle
 14424 | D:12     | Found Nanaitz's Antique Armour Boutique.
 14829 | Lair:1   | Entered Level 1 of the Lair of Beasts
 14968 | Lair:1   | Reached skill level 1 in Fighting
 15230 | Lair:1   | Reached XP level 12. HP: 85/85 MP: 22/29
 15677 | Lair:1   | You fall into a shaft and drop 1 floor!
 15768 | Lair:2   | Noticed a catoblepas
 15777 | Lair:2   | Killed a catoblepas
 15813 | Lair:1   | Noticed Urug
 15934 | Lair:1   | Killed Urug
 16782 | Lair:3   | Reached skill level 12 in Conjurations
 16895 | Lair:3   | Found a frozen archway.
 16931 | IceCv    | Entered an ice cave
 17440 | IceCv    | Found the +8 Wrath of Trog {antimagic, *Rage Rampage}
 17616 | IceCv    | Noticed a white draconian
 17624 | IceCv    | Killed a white draconian
 17779 | IceCv    | Found the amulet of Vitality {RegenMP++ Regen++}
 17794 | IceCv    | Identified the ring "Mopig" {Fly rC+++ Dex+3 SInv Stlth-}
 18104 | Lair:3   | Found a staircase to the Swamp.
 18145 | Lair:3   | Found a hole to the Spider Nest.
 18353 | Lair:3   | Noticed a six-headed hydra
 18361 | Lair:3   | Killed a six-headed hydra
 18842 | Lair:4   | Reached skill level 5 in Fighting
 19755 | Lair:5   | Entered Level 5 of the Lair of Beasts
 19761 | Lair:5   | Reached XP level 13. HP: 101/101 MP: 28/30
 19882 | Lair:5   | Reached skill level 13 in Conjurations
 21086 | Lair:5   | Found a staircase to the Slime Pits.
 21577 | Orc:1    | Entered Level 1 of the Orcish Mines
 21735 | Orc:1    | Gained mutation: You sometimes lose your temper in combat.
                  | [a neqoxec]
 21740 | Orc:1    | Reached skill level 5 in Shields
 21740 | Orc:1    | Reached skill level 1 in Evocations
 22268 | Orc:2    | Entered Level 2 of the Orcish Mines
 22414 | Orc:1    | Lost mutation: You sometimes lose your temper in combat.
                  | [potion of mutation]
 22414 | Orc:1    | Gained mutation: You are frail. (-10% HP) [potion of
                  | mutation]
 22414 | Orc:1    | Gained mutation: You are very frail. (-20% HP) [potion of
                  | mutation]
 22414 | Orc:1    | Lost mutation: You are very frail. (-20% HP) [potion of
                  | mutation]
 22494 | Orc:2    | Noticed an orc warlord
 22503 | Orc:2    | Killed an orc warlord
 22504 | Orc:2    | Reached XP level 14. HP: 101/101 MP: 26/31
 22550 | Orc:2    | Reached skill level 14 in Conjurations
 22594 | Orc:2    | Found a staircase to the Elven Halls.
 22988 | Orc:2    | Found Gotuague's Magic Scroll Shop.
 22989 | Orc:2    | Found Tytsuss's General Store.
 22989 | Orc:2    | Found Ybed's Distillery.
 22992 | Orc:2    | Found Ver Riwi's Book Emporium.
 22997 | Orc:2    | Bought a potion of mutation for 88 gold pieces
 22997 | Orc:2    | Bought a potion of mutation for 88 gold pieces
 22999 | Orc:2    | Bought a scroll of acquirement for 728 gold pieces
 22999 | Orc:2    | Bought a scroll of identify for 28 gold pieces
 22999 | Orc:2    | Acquired a scarf of resistance
 23017 | Orc:2    | Bought a book of Dangerous Friends for 640 gold pieces
 23709 | D:13     | Found a gate to the Vaults.
 23886 | D:13     | Learned a level 7 spell: Orb of Destruction
 24275 | D:14     | Killed from afar by a shock serpent (shapeshifter)

Illustrated notes

Levels and vault maps discovered:
D:1:      wander_arrival_lonely_grave, layout_basic, minmay_cupped
D:2:      layout_basic, basic_ecumenical_altar, hangedman_abyss_or_decor_stabs,
          minmay_box_of_dots
D:3:      minmay_recursive_quarters, layout_rooms,
          nicolae_qazlal_scattered_showers, dk_noncrumbling_4, minmay_circle_x
D:4:      layout_basic, gup_sewer_entry_pipe, serial_rivers,
          chequers_serial_rivers_small_3, chequers_serial_rivers_room_a,
          chequers_serial_rivers_marsh, chequers_serial_rivers_large_a,
          chequers_serial_rivers_small_b, uniq_natasha
D:5:      layout_loops_corners, zin_scriptorium,
          minmay_temple_entry_proselytizer, grunt_decor_resistance, uniq_duvessa
D:6:      layout_cave_pools, corexii_mini_fake_secret_closet
D:7:      layout_cave_pods, uniq_maggie
D:8:      layout_loops_ring
D:9:      layout_rooms, nicolae_overflow_hidden_temple,
          mainiacjoe_overflow_large_starburst, kennysheep_generic_room_2
D:10:     wander_kiku_kobolds, layout_basic, erik_lair_orcish_takeover,
          serial_shops, nicolae_inconvenience_store, nicolae_shop_self_help
D:11:     layout_stronghold, david_orc_3, uniq_harold
D:12:     layout_gridville, serial_shops, shop_fountains, serial_bayou,
          serial_bayou_lagoon_a, serial_bayou_pond_d, serial_bayou_crossing,
          serial_bayou_ford_a, gammafunk_ghost_hive, nicolae_fountain_basement,
          uniq_nergalle
D:13:     layout_irregular_city, hangedman_vaults_entry_quadrant_bands,
          chequers_garden, bloody_trog
D:14:     minmay_octo_star, layout_rooms, grunt_decor_clamped,
          hangedman_incinerator
Lair:1:   layout_roguey, roderic_batcave, lemuel_fruit_tree, grunt_megastairs_4,
          uniq_urug
Lair:2:   layout_hall_layers, chequers_serial_rivers_micro_b,
          lemuel_old_faithful
Lair:3:   layout_cave_pods, minmay_swamp_entry_reptiles,
          spider_nest_entry_rubble, portal_ice_cave_entry_ice_simulacra,
          infiniplex_staircase_pool_2, serial_bayou_shore_a
Lair:4:   layout_concentric_octagons, nicolae_lair_lindhole
Lair:5:   gammafunk_lair_ancient_temple, layout_hall_layers,
          minmay_slime_entry_oklob_enclosed, st_stairs_5, minivault_11
Orc:1:    layout_caves, nicolae_orc_stony_grotto
Orc:2:    st_orc_rangers, layout_diamond_mine, minmay_orc_barracks

Skill      XL: |  1  2  3  4  5  6  7  8  9 10 11 12 13 14 |
---------------+-------------------------------------------+-----
Spellcasting   | 2 3 4 5 6 8 9 |  9.6
Conjurations   | 4 5 6 8 9 10 11 12 13 14 | 14.3
Hexes          | 1 2 3 4 5 6 7 8 |  8.5
Air Magic      | 2 4 6 8 9 |  9.7
Shields        | 2 4 5 |  5.3
Summonings     | 2 4 |  4.3
Fighting       | 1 5 7 |  7.6
Evocations     | 2 4 |  4.3
Dodging        | |  1.8
Stealth        | |  1.8

Action                   |  1- 3 |  4- 6 |  7- 9 | 10-12 | 13-15 || total
-------------------------+-------+-------+-------+-------+-------++-------
Melee: Mace              |     9 |       |       |       |       ||     9
       Dagger            |    23 |    37 |    84 |    26 |       ||   170
       Punch             |       |     1 |     1 |       |       ||     2
       Short sword       |       |       |       |    47 |    63 ||   110
 Cast: Magic Dart        |    48 |   124 |    41 |     1 |       ||   214
       Searing Ray       |     3 |     7 |    10 |     3 |       ||    23
       Fulminant Prism   |       |     7 |    88 |   280 |   215 ||   590
       Summon Mana Viper |       |       |       |     4 |       ||     4
       Arcjolt           |       |       |       |     2 |    11 ||    13
       Lightning Bolt    |       |       |       |     9 |    24 ||    33
       Iskenderun's Myst |       |       |       |       |     1 ||     1
Evoke: Phantom mirror    |       |       |       |     1 |     1 ||     2
       Wand              |       |       |       |       |     2 ||     2
       Condenser vane    |       |       |       |       |     1 ||     1
  Use: Scroll            |     1 |     9 |     1 |    17 |    12 ||    40
       Potion            |       |     3 |     4 |     1 |     8 ||    16
Armor: Robe              |     3 |    14 |    18 |       |       ||    35
       Skin              |       |       |     3 |       |       ||     3
       Steam dragon scal |       |       |    14 |    52 |    34 ||   100
       Acid dragon scale |       |       |       |     3 |       ||     3
Dodge: Dodged            |    28 |    42 |   100 |   134 |    92 ||   396
Block: Buckler           |       |       |       |    75 |    73 ||   148

Table legend: (Time is in decaauts)
 A = Elapsed time spent in this place.
 B = Non-inter-level travel time spent in this place.
 C = Inter-level travel time spent in this place.
 D = Time resting spent in this place.
 E = Time spent auto-exploring this place.
 F = Levels seen in this place.
 G = Mean time per level.
                   A        B        C        D        E       F      G
               +--------+--------+--------+--------+--------+-----+--------+
         Total |  24400 |  22849 |   1551 |   5466 |  12883 |  23 | 1060.9 |
       Dungeon |  15746 |  14544 |   1202 |   3103 |   8934 |  14 | 1124.7 |
          Lair |   5731 |   5442 |    289 |   1522 |   2835 |   5 | 1146.2 |
  Orcish Mines |   1664 |   1605 |     59 |    353 |    717 |   2 |  832.0 |
         Sewer |    263 |    263 |      0 |      0 |    210 |   1 |  263.0 |
      Ice Cave |    994 |    994 |      0 |    488 |    186 |   1 |  994.0 |
               +--------+--------+--------+--------+--------+-----+--------+

Top non-repeatable levels by time:
     D:5: 2408 daAuts
  Lair:5: 1703 daAuts
  Lair:1: 1689 daAuts
    D:11: 1616 daAuts
     D:2: 1384 daAuts
    D:10: 1330 daAuts
     D:6: 1215 daAuts
  Lair:3: 1104 daAuts
     D:8: 1103 daAuts
     D:7: 1102 daAuts
     D:3: 1051 daAuts
    D:12: 1025 daAuts
   IceCv: 994 daAuts
     D:1: 990 daAuts
    D:13: 990 daAuts
